 Dungeon Crawl Stone Soup version 0.30-a0-331-g8ab09dc110 (webtiles) character file.

Game seed: 12768009117497118788

250 p00ps00p the Trooper (level 5, -2/42 HPs)
             Began as a Demonspawn Fighter on Oct 30, 2022.
             Slain by Edmund
             ... wielding a +4 flail of protection
              (9 damage)
             ... on level 3 of the Dungeon.
             The game lasted 00:07:17 (2198 turns).

p00ps00p the Trooper (Demonspawn Fighter)           Turns: 2198, Time: 00:07:17

Health: -2/42      AC: 14    Str: 16    XL:     5   Next: 88%
Magic:  5/5        EV: 13    Int: 10    God:
Gold:   158        SH:  7    Dex: 14    Spells: 4/4 levels left

rFire   . . .      SeeInvis .    a - +0 war axe
rCold   . . .      Faith    .    i - +2 buckler
rNeg    . . .      Spirit   .    b - +0 scale mail
rPois   .          Reflect  .    (no helmet)
rElec   .          Harm     .    (no cloak)
rCorr   .          Rampage  .    j - +0 pair of gloves
Will    .....                    (no boots)
Stlth   ..........               (no amulet)
HPRegen 0.27/turn                f - +4 ring of evasion
MPRegen 0.09/turn                (no ring)

@: mighty, sanguine armoured
A: sanguine armour 1
a: no special abilities


You were on level 3 of the Dungeon.
You visited 1 branch of the dungeon, and saw 4 of its levels.

You collected 158 gold pieces.

Inventory:

Hand Weapons
 a - a +0 war axe (weapon)
Missiles
 q - 5 poisoned darts (quivered)
 r - 2 throwing nets
Armour
 b - a +0 scale mail (worn)
 i - a +2 buckler (worn)
 j - a +0 pair of gloves (worn)
Jewellery
 f - a +4 ring of evasion (left hand)
Scrolls
 c - a scroll of teleportation {unknown}
 e - a scroll of butterflies {unknown}
 h - 7 scrolls of identify {unknown}
 k - a scroll of enchant armour {unknown}
 l - a scroll of torment {unknown}
 p - a scroll of vulnerability {unknown}
 t - a scroll of fear {unknown}
Potions
 g - 2 potions of cancellation {unknown}
 m - 2 potions of haste {unknown}
 n - a potion of heal wounds {unknown}
 o - a potion of invisibility {unknown}
 s - a potion of brilliance


   Skills:
 + Level 4.0 Fighting
 + Level 3.0 Axes
 + Level 3.6 Armour
 + Level 2.0 Dodging
 + Level 3.5 Shields


You had 4 spell levels left.
You didn't know any spells.
Your spell library was empty.

Dungeon Overview and Level Annotations

Branches:
Dungeon (4/15)
 Temple: D:4-7

Altars:

Annotations:
D:3 Edmund
D:4 Dowan, Duvessa


Innate Abilities, Weirdness & Mutations

When seriously injured, your blood forms armour. (AC +6)


Message History

The adder hisses angrily.
A gnoll comes into view. It is wielding a +0 halberd.
Edmund attacks as you move away! Edmund hits you but does no damage.
Dowan, Brother of Duvessa comes into view.
He is wielding a +0 dagger.
Your blood armour dries and flakes away.
Dowan says, "Magic and the sword, together, will defeat you."
Edmund attacks as you move away! Edmund misses you.
The gnoll completely misses you. The adder bites you but does no damage.
Edmund hits you with a +4 flail of protection!
Your blood congeals into armour.
There is a stone staircase leading up, spattered with blood here.
The adder bites you but does no damage.
Edmund asks, "Have you met my wondrous brother?"
Edmund hits you with a +4 flail of protection!
The gnoll hits you but does no damage. Duvessa hits you but does no damage.
Dowan drinks a potion.
Dowan's spells are empowered!
You climb upwards.
There is a stone staircase leading down here.
You feel very mighty all of a sudden. The adder misses you.
Edmund hits you but does no damage. The adder barely misses you.
You hit Edmund but do no damage. You hit the adder.
You block the adder's attack. Edmund barely misses you.
You slash Edmund!
Edmund is heavily wounded.
You miss the adder. The adder bites you but does no damage.
You block Edmund's attack. You block the adder's attack.
Edmund hits you but does no damage.
You slash Edmund!
Edmund is severely wounded.
You slash the adder!
You kill the adder!
Edmund hits you but does no damage.
Your Axes skill increases to level 3!
You hit Edmund.
Edmund is severely wounded.
Edmund hits you with a +4 flail of protection!
* * * LOW HITPOINT WARNING * * *
Edmund hits you with a +4 flail of protection!
You die...

#....'..#.#.#.# ##...####.#.#.#
#...# #.#.#.# #####...# #.#.#.#
#.......# #.#.#.# #....####
#.#.#.# ###....# #.#.#.#
#......#######.#.#.#
...............†@#.#
.........###.#.#@#.#
.....#.#.###.#.#.#.#
.#####.#.....#.#.#.# .#
#.........#.#.#.# .#
#........<..#.#.# .#
#....########.#.# .#
#....#..........#
.###....#.######.##############


You could see Edmund.

Vanquished Creatures
  A howler monkey (D:4)
  Natasha (twice) (D:3)
  7 gnolls (D:3)
  4 adders
  4 dart slugs
  2 bats (D:1)
  5 endoplasms
  2 giant cockroaches
  5 goblins
  5 hobgoblins
  3 jackals (D:3)
  3 quokkas
  A ball python (D:1)
  5 frilled lizards
  4 kobolds
  3 rats
56 creatures vanquished.

Notes
Turn   | Place    | Note
-------+----------+-------------------------------------------
     0 | D:1      | p00ps00p the Demonspawn Fighter began the quest for the
                  | Orb.
     0 | D:1      | Reached XP level 1. HP: 18/18 MP: 1/1
   147 | D:1      | Gained mutation: When seriously injured, your blood forms
                  | armour. (AC +6) [demonic ancestry]
   147 | D:1      | Reached XP level 2. HP: 24/24 MP: 2/2
   733 | D:2      | Reached XP level 3. HP: 28/29 MP: 3/3
   754 | D:2      | Reached skill level 1 in Dodging
  1361 | D:3      | Found a faded altar of an unknown god.
  1370 | D:3      | Reached XP level 4. HP: 30/35 MP: 4/4
  1583 | D:3      | Reached XP level 5. HP: 19/42 MP: 5/5
  1921 | D:3      | Noticed Natasha
  1938 | D:3      | Killed Natasha
  2098 | D:3      | Noticed Natasha
  2108 | D:3      | Killed Natasha
  2179 | D:4      | Noticed Edmund
  2183 | D:4      | Noticed Duvessa
  2184 | D:4      | Reached skill level 4 in Fighting
  2188 | D:4      | Noticed Dowan
  2198 | D:3      | Slain by Edmund

Illustrated notes

Levels and vault maps discovered:
D:1:      erik_arrival_blinker_ship, layout_basic, grunt_decor_cap
D:2:      layout_loops_ring, serial_glass, glass_columns_b, glass_columns_a
D:3:      layout_basic, basic_ecumenical_altar,
          nicolae_concentric_dashed_squares_mild, item_on_display_a,
          uniq_natasha
D:4:      cheibrodos_old_hovel, layout_cave_pools, uniq_sigmund, uniq_edmund,
          uniq_duvessa

Skill      XL: |  1  2  3  4  5 |
---------------+----------------+-----
Axes           | 2 3 |  3.0
Armour         | 3 |  3.6
Shields        | 3 |  3.5
Dodging        | 1 2 |  2.0
Fighting       | 4 |  4.0

Action                   |  1- 3 |  4- 6 || total
-------------------------+-------+-------++-------
Melee: War axe           |    94 |    75 ||   169
  Use: Potion            |       |     1 ||     1
Armor: Scale mail        |    39 |    41 ||    80
Dodge: Dodged            |    76 |    78 ||   154
Block: Buckler           |    43 |    45 ||    88

Table legend: (Time is in decaauts)
 A = Elapsed time spent in this place.
 B = Non-inter-level travel time spent in this place.
 C = Inter-level travel time spent in this place.
 D = Time resting spent in this place.
 E = Time spent auto-exploring this place.
 F = Levels seen in this place.
 G = Mean time per level.
                   A        B        C        D        E       F      G
               +--------+--------+--------+--------+--------+-----+--------+
         Total |   2287 |   2196 |     91 |      0 |   1519 |   4 |  571.8 |
       Dungeon |   2287 |   2196 |     91 |      0 |   1519 |   4 |  571.8 |
               +--------+--------+--------+--------+--------+-----+--------+

Top non-repeatable levels by time:
     D:3: 858 daAuts
     D:2: 761 daAuts
     D:1: 639 daAuts
     D:4: 28 daAuts
